[Event "Titled Tuesday Blitz March 08 Late 2022"]
[White "Maghsoodloo, Parham"]
[Black "Rostovtsev, Dmitry"]
[WhiteFideId "12539929"]
[BlackFideId "34278320"]
[WhiteElo "2630"]
[BlackElo "2359"]
[Result "0-1"]
[Round "05"]
[TimeControl "180+1"]
[Date "2022.03.08"]
[WhiteClock "0:00:02"]
[BlackClock "0:00:05"]

1. e4 c5 2. Nc3 Nc6 3. Bb5 Nd4 4. Nf3 g6 5. O-O Bg7 6. Re1 a6 7. Bd3 d6 8. h3 e5 9. Bc4 Ne7 10. a4 b6 11. d3 O-O 12. Bg5 Be6 13. Bxe7 Qxe7 14. Nxd4 cxd4 15. Nd5 Qd8 16. b4 Bh6 17. b5 a5 18. Re2 Rc8 19. Ra3 Bxd5 20. Bxd5 Rc5 21. Bc4 Kg7 22. c3 dxc3 23. Rxc3 Qf6 24. Rcc2 Rfc8 25. Re1 R8c7 26. g3 Qd8 27. Ree2 Qe7 28. Kg2 Qd8 29. h4 Qc8 30. Ra2 Kg8 31. Qb3 Qg4 32. f3 Qd7 33. Ra1 Qe7 34. Rh1 Kg7 35. h5 g5 36. Qd1 Kf8 37. Qg1 f6 38. Qh2 Qd7 39. Qh3 Qxh3+ 40. Kxh3 Kg7 41. Kg4 Re7 42. Kf5 Rcc7 43. Rhh2 Rc5 44. Rc2 Re8 45. Be6 Re7 46. Rc4 Re8 47. Rh1 Re7 48. Rd1 Rec7 49. Bd5 Re7 50. Bc6 Kf7 51. Bd5+ Kg7 52. d4 exd4 53. Rdxd4 Re5+ 54. Kg4 f5+ 55. Kh3 g4+ 56. Kg2 gxf3+ 57. Kxf3 fxe4+ 58. Bxe4 d5 59. Bxd5 Rexd5 60. Rxd5 Rxc4 61. Rd7+ Kg8 62. Rd6 Rc3+ 63. Kg4 Bf8 64. Rxb6 Rc4+ 65. Kf5 Rxa4 66. g4 Rc4 67. g5 Rc5+ 68. Kg4 a4 69. Ra6 a3 70. b6 Rb5 71. h6 Rb2 72. Ra7 Rxb6 73. Kf5 Rb5+ 74. Kg4 Rb6 75. Kf5 Rb5+ 76. Kg4 Rb2 77. g6 hxg6 78. Kg5 a2 79. h7+ Kh8 80. Kxg6 Rg2+ 81. Kf5 Bg7 82. Ra8+ Kxh7 0-1


[Site "https://www.chess.com"]

[Event "Titled Tuesday Blitz March 08 Late 2022"]
[White "Maltsevskaya, Aleksandra"]
[Black "Brunner, Nicolas"]
[WhiteFideId "24174041"]
[BlackFideId "620246"]
[WhiteElo "2241"]
[BlackElo "2372"]
[Result "1-0"]
[Round "05"]
[TimeControl "180+1"]
[Date "2022.03.09"]
[WhiteClock "0:00:05"]
[BlackClock "0:00:04"]

1. e4 e5 2. Nf3 Nc6 3. Bb5 a6 4. Ba4 Nf6 5. O-O Be7 6. c3 Nxe4 7. Re1 Nc5 8. Bc2 O-O 9. d4 e4 10. dxc5 exf3 11. Qxf3 d6 12. cxd6 Bxd6 13. Bf4 Be6 14. Nd2 Bxf4 15. Qxf4 Ne7 16. Ne4 Ng6 17. Qe3 Qh4 18. g3 Qh5 19. Qc5 Qxc5 20. Nxc5 Bd5 21. Rad1 Bc6 22. Be4 Bxe4 23. Rxe4 b6 24. Nb3 Rfe8 25. Rxe8+ Rxe8 26. Rd7 Re7 27. Rd8+ Nf8 28. Nd4 g6 29. Ra8 a5 30. b4 axb4 31. cxb4 Kg7 32. b5 Nd7 33. a4 Nc5 34. Nc6 Re1+ 35. Kg2 Ra1 36. a5 bxa5 37. Rxa5 Rxa5 38. Nxa5 Kf6 39. Nc4 Nb3 40. b6 cxb6 41. Nxb6 Nd4 42. h4 h5 43. Nc4 Nf5 44. Kf3 Nd4+ 45. Ke4 Nf5 46. Ne5 Ke6 47. Nf3 Nd6+ 48. Kf4 Kf6 49. Ng5 Nc4 50. Ne4+ Ke6 51. Kg5 Ne5 52. Kh6 Ng4+ 53. Kg7 1-0


[Site "https://www.chess.com"]

[Event "Titled Tuesday Blitz March 08 Late 2022"]
[White "Mangialardo, Tiago Carvalho"]
[Black "Toncheva, Nadya"]
[WhiteFideId "2130718"]
[BlackFideId "2924056"]
[WhiteElo "2095"]
[BlackElo "1884"]
[Result "0-1"]
[Round "05"]
[TimeControl "180+1"]
[Date "2022.03.09"]
[WhiteClock "0:00:01"]
[BlackClock "0:00:09"]

1. e4 Nf6 2. Nc3 d5 3. e5 d4 4. exf6 dxc3 5. fxe7 cxd2+ 6. Bxd2 Bxe7 7. Qe2 O-O 8. O-O-O Be6 9. Kb1 c5 10. Qd3 Nc6 11. f4 Qxd3 12. Bxd3 Bd5 13. Nf3 Bxf3 14. gxf3 Rfe8 15. Rhg1 Bd6 16. Rg4 Nd4 17. Be4 f5 18. Bd5+ Kf8 19. Rg5 g6 20. h4 Rad8 21. c4 Be7 22. Rg2 Bf6 23. h5 gxh5 24. Rh1 h4 25. Bxb7 Ne2 26. Bd5 Ng3 27. Rd1 Bd4 28. Be1 Ne2 29. Bxh4 Bg7 30. Rg5 Nd4 31. a3 Rb8 0-1


[Site "https://www.chess.com"]

[Event "Titled Tuesday Blitz March 08 Late 2022"]
[White "Martinez Alcantara, Jose Eduardo"]
[Black "Tristan, Leonardo"]
[WhiteFideId "3805662"]
[BlackFideId "113816"]
[WhiteElo "2690"]
[BlackElo "2404"]
[Result "1-0"]
[Round "05"]
[TimeControl "180+1"]
[Date "2022.03.08"]
[WhiteClock "0:00:15"]
[BlackClock "0:00:13"]

1. e4 Nf6 2. e5 Nd5 3. d4 d6 4. Nf3 dxe5 5. Nxe5 c6 6. Be2 Bf5 7. Bd3 Bxd3 8. Nxd3 e6 9. O-O Be7 10. c4 Nf6 11. Be3 O-O 12. Nc3 Nbd7 13. h3 Qa5 14. a3 Qf5 15. Re1 Rad8 16. Qe2 Rfe8 17. g4 Qa5 18. g5 Qf5 19. gxf6 Nxf6 20. Qf1 b6 21. Rad1 Nh5 22. Qg2 Bf6 23. Qg4 g6 24. Ne2 Qa5 25. Nef4 Ng7 26. Qf3 Nf5 27. Nb4 Nxd4 28. Bxd4 Rxd4 29. Nxc6 Rxd1 30. Nxa5 Rxe1+ 31. Kg2 bxa5 32. Nd3 Bc3 33. Nxe1 Bxe1 34. Qe3 Bxf2 35. Kxf2 Rb8 36. Qc3 a4 37. c5 Rb3 38. Qxb3 axb3 39. c6 1-0


[Site "https://www.chess.com"]

[Event "Titled Tuesday Blitz March 08 Late 2022"]
[White "Martinez Reyes, Pedro Ramon"]
[Black "Kostiukov, Alexandr"]
[WhiteFideId "3901807"]
[BlackFideId "14108100"]
[WhiteElo "2410"]
[BlackElo "2202"]
[Result "1-0"]
[Round "05"]
[TimeControl "180+1"]
[Date "2022.03.09"]
[WhiteClock "0:02:20"]
[BlackClock "0:00:01"]

1. f4 c5 2. e3 g6 3. Nf3 Bg7 4. d4 Nc6 5. c3 d5 6. Ke2 Nf6 7. Kf2 Ng4+ 8. Kg1 h5 9. h3 Nf6 10. Bd3 Ne4 11. Nbd2 Ng3 12. Kh2 Nxh1 13. Kxh1 O-O 14. Qe2 c4 15. Bc2 e6 16. Nf1 b5 17. a3 a5 18. Bd2 Bb7 19. g4 hxg4 20. hxg4 b4 21. g5 Qd7 22. Kg2 b3 23. Bd1 Ne7 24. Ng3 Nf5 25. Nh2 Rfe8 26. Ng4 e5 27. fxe5 Nh4+ 28. Kh3 Nf5 29. Be1 Nxg3 30. Bxg3 Qe7 31. Nf6+ Bxf6 32. gxf6 Qe6+ 33. Kh4 Qf5 34. Qg4 Qxg4+ 35. Bxg4 Bc8 36. Rh1 Bxg4 37. Kxg4 Re6 38. Bf4 Kf8 39. Bh6+ Ke8 40. Bg7 Kd7 41. Kf4 Rg8 42. e4 dxe4 43. Kxe4 Rge8 44. Rh7 1-0


[Site "https://www.chess.com"]

[Event "Titled Tuesday Blitz March 08 Late 2022"]
[White "Martirosyan, Haik M."]
[Black "Leiva, Gianmarco"]
[WhiteFideId "13306553"]
[BlackFideId "3804399"]
[WhiteElo "2735"]
[BlackElo "2311"]
[Result "1-0"]
[Round "05"]
[TimeControl "180+1"]
[Date "2022.03.08"]
[WhiteClock "0:00:32"]
[BlackClock "0:00:01"]

1. e4 c5 2. Nf3 d6 3. Bb5+ Nd7 4. O-O a6 5. Bxd7+ Bxd7 6. d4 cxd4 7. Qxd4 Nf6 8. c4 e6 9. Nc3 Be7 10. b3 O-O 11. a4 b5 12. Ba3 e5 13. Qd3 bxc4 14. bxc4 Qc7 15. Rfc1 Rfc8 16. Nd2 Bf8 17. h3 Nh5 18. Nd5 Qd8 19. a5 Nf4 20. Nxf4 exf4 21. Bb2 Rab8 22. Bd4 Be6 23. Rc2 Rb4 24. Bb6 Rxb6 25. axb6 Qxb6 26. Rca2 Ra8 27. Ra5 g6 28. Qa3 Qd4 29. Nf3 Qxc4 30. Rxa6 Rxa6 31. Qxa6 Qxe4 32. Qb6 h6 33. Qb8 Kg7 34. Ra8 Qd5 35. Qxf8+ 1-0


[Site "https://www.chess.com"]

[Event "Titled Tuesday Blitz March 08 Late 2022"]
[White "Maze, Sebastien"]
[Black "Sanal, Vahap"]
[WhiteFideId "613762"]
[BlackFideId "6300545"]
[WhiteElo "2430"]
[BlackElo "2603"]
[Result "0-1"]
[Round "05"]
[TimeControl "180+1"]
[Date "2022.03.08"]
[WhiteClock "0:00:34"]
[BlackClock "0:01:51"]

1. e4 d6 2. d4 Nf6 3. Nc3 e5 4. Nf3 Nbd7 5. Bc4 Be7 6. a4 O-O 7. O-O c6 8. Re1 h6 9. h3 Re8 10. Be3 exd4 11. Nxd4 Bf8 12. Bf4 Nc5 13. Qf3 Ne6 14. Nxe6 Bxe6 15. Bxe6 Rxe6 16. a5 Qe8 17. a6 b5 18. Bg3 b4 19. Ne2 Rxe4 20. Kf1 Qe6 21. Nf4 Qc4+ 22. Kg1 Rae8 23. Rxe4 Nxe4 24. Qd3 Qxd3 25. Nxd3 Nxg3 26. fxg3 d5 27. Kf2 Bd6 28. Ra5 Kf8 29. Kf3 Ke7 30. b3 Kd7 31. Ra4 c5 32. Ra1 Kc6 33. h4 c4 34. Nf2 Bc5 35. Nh3 Re3+ 36. Kg4 g6 37. Nf4 h5+ 38. Kg5 Rxg3+ 39. Kf6 Bd4+ 0-1


[Site "https://www.chess.com"]

[Event "Titled Tuesday Blitz March 08 Late 2022"]
[White "Milanovic, Marko"]
[Black "Mikhailov, Viacheslav"]
[WhiteFideId "980129"]
[BlackFideId "4187369"]
[WhiteElo "2159"]
[BlackElo "2381"]
[Result "1-0"]
[Round "05"]
[TimeControl "180+1"]
[Date "2022.03.09"]
[WhiteClock "0:00:05"]
[BlackClock "0:00:05"]

1. e4 c5 2. Nf3 d6 3. Bb5+ Bd7 4. Bxd7+ Qxd7 5. c4 Nc6 6. d4 cxd4 7. Nxd4 g6 8. O-O Bg7 9. Be3 Nf6 10. f3 O-O 11. Nc3 Rfd8 12. Qd2 e6 13. Rfd1 d5 14. cxd5 exd5 15. Bg5 dxe4 16. Nxc6 Qxd2 17. Ne7+ Kf8 18. Rxd2 Rxd2 19. Bxd2 Kxe7 20. Bg5 Kd7 21. Rd1+ Kc6 22. fxe4 Re8 23. Re1 h6 24. Bd2 Rd8 25. Re2 Ng4 26. h3 Ne5 27. Kf1 Nc4 28. Bf4 Bxc3 29. bxc3 Rd3 30. Bxh6 Rxc3 31. Kf2 Ne5 32. Bg7 Nd3+ 33. Ke3 Ra3 34. Rc2+ Nc5+ 35. Ke2 Ra4 36. Kf3 b6 37. Re2 Ra3+ 38. Kg4 Ne6 39. Bf6 Ra4 40. Kf3 b5 41. Rc2+ Kb7 42. Ke3 b4 43. g3 Ra3+ 44. Kf2 a5 45. h4 a4 46. Be7 Nd4 47. Rb2 Nc6 48. Bxb4 Rd3 49. Bd2+ Kc8 50. Bf4 Kd7 51. Ke2 Rc3 52. g4 a3 53. Rd2+ Ke6 54. h5 gxh5 55. gxh5 Kf6 56. Be3 Kg7 57. Rd6 Kh7 58. Rd7 Ne5 59. Re7 Rc2+ 60. Kd1 Rc3 61. Bd4 Rd3+ 62. Kc2 Rxd4 63. Rxe5 Kh6 64. Kc3 Ra4 65. Rf5 Kg7 66. Kb3 Rxe4 67. Kxa3 Rh4 68. Kb3 f6 69. a4 Rh3+ 70. Kb4 Rh1 71. a5 Rb1+ 72. Kc5 Ra1 73. Kb6 Kh6 74. a6 Kg7 75. a7 Rb1+ 76. Rb5 Ra1 77. Ra5 Rb1+ 78. Ka6 Rd1 79. a8=Q 1-0


[Site "https://www.chess.com"]

[Event "Titled Tuesday Blitz March 08 Late 2022"]
[White "Mirzoev, Azer"]
[Black "Tabatabaei, M. Amin"]
[WhiteFideId "13400304"]
[BlackFideId "12521213"]
[WhiteElo "2525"]
[BlackElo "2544"]
[Result "1-0"]
[Round "05"]
[TimeControl "180+1"]
[Date "2022.03.08"]
[WhiteClock "0:00:24"]
[BlackClock "0:00:03"]

1. d4 d5 2. Nf3 Nf6 3. Bf4 c5 4. e3 Nc6 5. c3 Qb6 6. Qc2 g6 7. Nbd2 Bg7 8. Be2 O-O 9. O-O Bf5 10. Qb3 c4 11. Qxb6 axb6 12. Ne5 b5 13. a3 Nd7 14. Nxd7 Bxd7 15. Rfe1 f5 16. h4 e5 17. dxe5 Nxe5 18. Bxe5 Bxe5 19. Nf3 Bf6 20. g3 Bc6 21. Nd4 Rfe8 22. Rad1 Rad8 23. Bf3 Kf7 24. Bg2 Re5 25. Rd2 Re7 26. Red1 Red7 27. Ne2 Be5 28. Nf4 Bxf4 29. gxf4 Ke6 30. Bf3 Rd6 31. Kg2 Ke7 32. Rh1 Kf6 33. Rdd1 R8d7 34. Kg3 Rd8 35. Rd2 R6d7 36. Rdd1 h6 37. Kg2 Rd6 38. Rdg1 Ra8 39. Rd1 Rg8 40. Kf1 Ke7 41. Ke2 Ra8 42. Rhg1 Kf7 43. Rh1 Kf6 44. Rhg1 Rdd8 45. Rh1 d4 46. cxd4 c3 47. Bxc6 bxc6 48. bxc3 Rxa3 49. Rd3 Ke6 50. Rc1 Ra2+ 51. Rd2 Ra4 52. Rg1 Kf6 53. Rc2 Rc4 54. Kd3 Ra8 55. f3 c5 56. Rb1 cxd4 57. exd4 Rc7 58. Rxb5 Ra1 59. d5 Rf1 60. Ke2 Rh1 61. Ke3 Rxh4 62. Rb6+ Kf7 63. d6 Rd7 64. c4 Rh1 65. c5 Re1+ 66. Kd4 Re8 67. Kd5 Re3 68. Kc6 Ra7 69. Rb7+ Rxb7 70. Kxb7 Rxf3 71. d7 Rd3 72. Kc7 g5 73. fxg5 hxg5 74. d8=Q Rxd8 75. Kxd8 1-0


[Site "https://www.chess.com"]

[Event "Titled Tuesday Blitz March 08 Late 2022"]
[White "Mogranzini, Roberto"]
[Black "Ibarra Jerez, Jose Carlos"]
[WhiteFideId "810894"]
[BlackFideId "2226332"]
[WhiteElo "2469"]
[BlackElo "2626"]
[Result "0-1"]
[Round "05"]
[TimeControl "180+1"]
[Date "2022.03.08"]
[WhiteClock "0:00:04"]
[BlackClock "0:00:08"]

1. e4 c5 2. Nf3 e6 3. g3 Nc6 4. Bg2 Nf6 5. Qe2 e5 6. O-O Be7 7. Na3 O-O 8. Nc4 d6 9. d3 Re8 10. c3 h6 11. Nh4 d5 12. Nd2 Bf8 13. a4 Be6 14. exd5 Nxd5 15. Nc4 Qc7 16. Nf5 Rad8 17. Nfe3 Nf6 18. Qc2 Bc8 19. Nd2 Qd7 20. Ne4 Qxd3 21. Nxf6+ gxf6 22. Qb3 Na5 23. Qb5 Qxb5 24. axb5 b6 25. Nd5 Kg7 26. b4 cxb4 27. cxb4 Nc4 28. Rxa7 Be6 29. Nc7 Re7 30. Nxe6+ fxe6 31. Rxe7+ Bxe7 32. Bc6 Bxb4 33. Kg2 f5 34. h4 e4 35. Bf4 e5 36. Be3 Rd3 37. Bc1 Bc5 38. g4 e3 39. fxe3 fxg4 40. Kg3 Bxe3 41. Kxg4 Bxc1 42. Rxc1 Ne3+ 43. Kh5 Nf5 44. Rg1+ Kf6 45. Rf1 Rd4 46. Bb7 Rxh4# 0-1


[Site "https://www.chess.com"]

[Event "Titled Tuesday Blitz March 08 Late 2022"]
[White "Moral Garcia, Serafin"]
[Black "Dias, Joao Batista"]
[WhiteFideId "2201925"]
[BlackFideId "2108240"]
[WhiteElo "2228"]
[BlackElo "1898"]
[Result "1-0"]
[Round "05"]
[TimeControl "180+1"]
[Date "2022.03.09"]
[WhiteClock "0:01:53"]
[BlackClock "0:01:07"]

1. e4 e6 2. d4 d5 3. Nd2 Nd7 4. c3 dxe4 5. Nxe4 Ngf6 6. Bd3 Be7 7. Nf3 c5 8. dxc5 Nxc5 9. Nxc5 Bxc5 10. O-O O-O 11. Qe2 Be7 12. Bg5 h6 13. Bh4 b6 14. Rad1 Qc7 15. Bxf6 Bxf6 16. Qe4 g6 17. Qxa8 Ba6 18. Qe4 Bb7 19. Qe3 Bg7 20. Be4 Bc8 21. Rfe1 Qc4 22. a3 Qc7 23. Qd2 Ba6 24. Qd6 Qc4 25. Bd3 Qc8 26. Bxa6 Qxa6 27. Qc7 Bf6 28. h3 Qb5 29. Ne5 Qxb2 30. Nd7 Bd8 31. Qc6 Bh4 32. g3 Rd8 33. gxh4 Qc2 34. Nf6+ 1-0


[Site "https://www.chess.com"]

[Event "Titled Tuesday Blitz March 08 Late 2022"]
[White "Muradli, Mahammad"]
[Black "Bortnyk, Olexandr"]
[WhiteFideId "13409301"]
[BlackFideId "14120828"]
[WhiteElo "2611"]
[BlackElo "2723"]
[Result "0-1"]
[Round "05"]
[TimeControl "180+1"]
[Date "2022.03.08"]
[WhiteClock "0:00:01"]
[BlackClock "0:00:06"]

1. Nf3 d6 2. d4 Nf6 3. c4 g6 4. Nc3 Bf5 5. Nh4 Bd7 6. e4 Bg7 7. Be2 O-O 8. Nf3 c5 9. d5 e6 10. O-O exd5 11. exd5 Na6 12. h3 Nc7 13. Bf4 Be8 14. a4 Rb8 15. Bd3 a6 16. a5 b5 17. axb6 Rxb6 18. Qd2 Bd7 19. Ra2 Qb8 20. Re1 Re8 21. Rea1 Qb7 22. g4 Rb8 23. Re1 h5 24. g5 Nfe8 25. Re7 Bxh3 26. Na4 Rb3 27. Ra3 Kf8 28. Re1 Bd7 29. Rxb3 Qxb3 30. Nxc5 dxc5 31. Qe3 Kg8 32. Ne5 Bxe5 33. Bxe5 Bf5 34. Bxf5 Qxe3 35. Rxe3 gxf5 36. Rh3 Rb7 37. Rxh5 Ng7 38. Rh6 Nce8 39. Rxa6 Rb4 40. Ra8 Kh7 41. d6 Nxd6 42. Bxd6 Rxc4 43. Be5 Ne6 44. Rh8+ Kg6 45. Bf6 Nxg5 46. Bc3 Ne4 47. Ba5 Rc1+ 48. Kg2 Rc2 49. Kf3 Rxf2+ 50. Ke3 Rxb2 51. Bc7 f6 52. Rg8+ Kf7 53. Rh8 c4 54. Ba5 Ra2 55. Bb4 c3 56. Rc8 Rb2 57. Rc7+ Ke6 58. Bxc3 Rb3 59. Kf4 Nxc3 60. Rh7 Nd5# 0-1


[Site "https://www.chess.com"]

[Event "Titled Tuesday Blitz March 08 Late 2022"]
[White "Oparin, Grigoriy"]
[Black "Djordjevic, Vuk"]
[WhiteFideId "24125890"]
[BlackFideId "902098"]
[WhiteElo "2665"]
[BlackElo "2463"]
[Result "1-0"]
[Round "05"]
[TimeControl "180+1"]
[Date "2022.03.08"]
[WhiteClock "0:01:33"]
[BlackClock "0:00:02"]

1. e4 e6 2. d4 d5 3. Nc3 Bb4 4. e5 c5 5. a3 Bxc3+ 6. bxc3 Ne7 7. a4 Qc7 8. f4 O-O 9. Nf3 b6 10. Bd3 h6 11. O-O Ba6 12. Bxa6 Nxa6 13. Qd3 Qc8 14. Ba3 Nb8 15. g4 Re8 16. Nh4 cxd4 17. cxd4 Qc4 18. Qxc4 dxc4 19. Bxe7 Rxe7 20. c3 Nc6 21. f5 Rd7 22. f6 g6 23. Ng2 Na5 24. Ne3 Rc8 25. Rab1 Nb3 26. Rfd1 Kf8 27. Kf2 Rdc7 28. h4 a6 29. Nxc4 Rxc4 30. Rxb3 Rxc3 31. Rxc3 Rxc3 32. Rb1 Rc6 33. Ke3 Ke8 34. Ke4 Kd7 35. Rb4 Kc7 36. d5 exd5+ 37. Kxd5 Rc5+ 38. Ke4 b5 39. axb5 axb5 40. e6 fxe6 41. f7 1-0


[Site "https://www.chess.com"]

[Event "Titled Tuesday Blitz March 08 Late 2022"]
[White "Osmonbekov, Talaibek"]
[Black "Mkrtchyan, Mariam"]
[WhiteFideId "2017253"]
[BlackFideId "13310828"]
[WhiteElo "2135"]
[BlackElo "1984"]
[Result "0-1"]
[Round "05"]
[TimeControl "180+1"]
[Date "2022.03.09"]
[WhiteClock "0:00:03"]
[BlackClock "0:00:05"]

1. d4 d6 2. Nc3 g6 3. e4 Bg7 4. h4 Nf6 5. Bf4 c6 6. Qd2 h5 7. f3 b5 8. O-O-O b4 9. Nce2 a5 10. Kb1 Qb6 11. Nc1 Be6 12. Nh3 Bxh3 13. Rxh3 a4 14. Bc4 d5 15. Bd3 e6 16. Be3 Na6 17. Qe2 Nc7 18. Bf2 O-O 19. e5 Nd7 20. g4 Nb5 21. Bxb5 Qxb5 22. gxh5 Qxe2 23. Nxe2 gxh5 24. Rg1 Kh7 25. Rg5 Bh6 26. Rxh5 Kg6 27. Rxh6+ Kxh6 28. Be3+ Kh7 29. h5 Rg8 30. Rh2 Rg7 31. Kc1 Rag8 32. Nf4 Rg3 33. Rf2 Nb6 34. b3 axb3 35. axb3 Nc8 36. Kd2 Ne7 37. Kd3 Nf5 38. Bd2 Rb8 39. h6 Rg1 40. Nh5 Kg6 41. Nf6 Nxh6 42. Bxh6 Kxh6 43. f4 Ra8 44. f5 Kg5 45. fxe6 fxe6 46. Nd7 Rg3+ 47. Kd2 Ra2 48. Nc5 Kg4 49. Nxe6 Rxb3 50. Nc5 Rc3 51. e6 Rcxc2+ 52. Ke3 Rxf2 53. Kd3 Rae2 0-1


[Site "https://www.chess.com"]

[Event "Titled Tuesday Blitz March 08 Late 2022"]
[White "Paravyan, David"]
[Black "Erdogdu, Mert"]
[WhiteFideId "4194985"]
[BlackFideId "6301495"]
[WhiteElo "2569"]
[BlackElo "2485"]
[Result "1-0"]
[Round "05"]
[TimeControl "180+1"]
[Date "2022.03.08"]
[WhiteClock "0:00:42"]
[BlackClock "0:00:46"]

1. e4 c5 2. Nf3 d6 3. d4 cxd4 4. Nxd4 Nf6 5. Nc3 a6 6. Bg5 e6 7. f4 Qb6 8. Qd2 Nc6 9. O-O-O Qxd4 10. Qxd4 Nxd4 11. Rxd4 Be7 12. Be2 Bd7 13. Bf3 Bc6 14. Rhd1 h6 15. Bxf6 gxf6 16. Bh5 Rc8 17. g3 Kf8 18. Kb1 Kg7 19. a3 Rc7 20. R4d3 Rhc8 21. Bf3 Kf8 22. R1d2 Bd7 23. Bg4 Ke8 24. Ne2 Rc5 25. Nd4 Kf8 26. c3 Kg7 27. Re3 h5 28. Bh3 Rh8 29. Nf3 Bc6 30. Nd4 Bd7 31. Nf3 Bc6 32. Bg2 f5 33. exf5 Rxf5 34. Nd4 Rc5 35. Nxc6 bxc6 36. b4 Rc4 37. Bf1 d5 38. Bxc4 dxc4 39. Re4 1-0


[Site "https://www.chess.com"]

[Event "Titled Tuesday Blitz March 08 Late 2022"]
[White "Pavlidou, Ekaterini"]
[Black "Denishev, Marat"]
[WhiteFideId "4213262"]
[BlackFideId "24131563"]
[WhiteElo "2127"]
[BlackElo "2197"]
[Result "0-1"]
[Round "05"]
[TimeControl "180+1"]
[Date "2022.03.09"]
[WhiteClock "0:00:22"]
[BlackClock "0:00:07"]

1. d4 Nf6 2. c4 g6 3. Nc3 Bg7 4. e4 O-O 5. Bd3 d6 6. Nge2 e5 7. d5 a5 8. h3 Na6 9. Be3 Nd7 10. g4 Ndc5 11. Bb1 f5 12. exf5 gxf5 13. gxf5 Bxf5 14. Ng3 Bxb1 15. Rxb1 e4 16. Qg4 Nb4 17. O-O Kh8 18. Nh5 Rg8 19. Nxg7 Rxg7 20. Bd4 Qf8 21. Kh2 Nc2 22. Bxg7+ Qxg7 23. Qxg7+ Kxg7 24. Rg1+ Kf7 25. Rg4 Re8 26. Rbg1 Nd4 27. Rg7+ Kf6 28. Rxc7 Nf3+ 29. Kh1 Nd3 30. Rgg7 Nc5 31. Rxh7 Rg8 32. Rcf7+ Ke5 33. Rfg7 Rf8 34. Ne2 Nd3 35. Rh5+ Kf6 36. Rd7 Rg8 37. Rh6+ Kg5 38. Rhxd6 Nxf2+ 39. Kg2 Nd3 40. Ng3 Nh4+ 41. Kf1 Kf4 42. Nh5+ Ke3 43. Rg7 Rc8 44. Rg3+ Nf3 45. Rxf3+ Kxf3 46. Rf6+ Ke3 47. b3 a4 48. Ng3 axb3 49. axb3 Ra8 50. Nf5+ Kd2 51. Nd4 Ra1+ 52. Kg2 e3 53. Nf3+ Ke2 54. Ng1+ Kd2 55. Re6 Nf4+ 56. Kf3 Nxe6 57. dxe6 Rxg1 58. e7 Rg8 59. h4 e2 60. h5 e1=Q 61. Kf4 Qxe7 62. Kf5 Rf8+ 63. Kg4 Qg7+ 64. Kh4 Rf4+ 65. Kh3 Qg4+ 66. Kh2 Rf5 67. h6 Rh5# 0-1


[Site "https://www.chess.com"]

[Event "Titled Tuesday Blitz March 08 Late 2022"]
[White "Petrova, Irina"]
[Black "Wieczorek, Oskar"]
[WhiteFideId "14124122"]
[BlackFideId "1133950"]
[WhiteElo "1993"]
[BlackElo "2319"]
[Result "0-1"]
[Round "05"]
[TimeControl "180+1"]
[Date "2022.03.09"]
[WhiteClock "0:00:02"]
[BlackClock "0:00:06"]

1. e4 c5 2. Nf3 g6 3. c3 d5 4. exd5 Qxd5 5. d4 Bg7 6. Na3 Nf6 7. Be3 cxd4 8. Nb5 Na6 9. Nbxd4 O-O 10. Bxa6 bxa6 11. O-O Bb7 12. Nb3 Rac8 13. Qxd5 Nxd5 14. Bxa7 e5 15. Rfe1 e4 16. Nfd4 Rfe8 17. Rad1 Ba8 18. Ne2 Bh6 19. Ng3 e3 20. f3 f5 21. Bd4 Kf7 22. Nc5 Nf4 23. Nd7 e2 24. Rb1 Rc7 25. Ne5+ Kg8 26. Nxe2 Nxe2+ 27. Rxe2 Rce7 28. Rbe1 Bd5 29. Kf2 Bxa2 30. Nc6 Rxe2+ 31. Rxe2 Rxe2+ 32. Kxe2 Kf7 33. Ne5+ Ke6 34. Nd3 Bc4 35. Be3 Bg7 36. Kd2 Kd5 37. Nb4+ Ke6 38. Bd4 Bf8 39. Nc6 Bd6 40. Nb4 Bxh2 41. b3 Bf1 42. g4 fxg4 43. fxg4 h5 44. gxh5 gxh5 45. c4 a5 46. Nd3 h4 47. Nf2 Kf5 48. c5 Bc7 49. c6 h3 50. Bc3 h2 51. b4 Bg3 52. Nh1 Bf4+ 53. Ke1 Bg2 54. Nf2 Bxc6 55. bxa5 Bg3 0-1


[Site "https://www.chess.com"]

[Event "Titled Tuesday Blitz March 08 Late 2022"]
[White "Petrovic, Aleksa"]
[Black "Mekhitarian, Krikor Sevag"]
[WhiteFideId "967629"]
[BlackFideId "2107660"]
[WhiteElo "2501"]
[BlackElo "2738"]
[Result "1-0"]
[Round "05"]
[TimeControl "180+1"]
[Date "2022.03.09"]
[WhiteClock "0:00:09"]
[BlackClock "0:00:03"]

1. e4 c5 2. Nf3 g6 3. c3 d5 4. exd5 Qxd5 5. Na3 Bg7 6. d4 cxd4 7. Bc4 Qe4+ 8. Be3 Nh6 9. Nb5 O-O 10. cxd4 Nc6 11. Nc3 Qg4 12. h3 Qh5 13. O-O Bd7 14. Re1 Rad8 15. d5 Ne5 16. Nxe5 Qxd1 17. Raxd1 Bc8 18. Bxa7 Nf5 19. Bb6 Rd6 20. Bc5 Rf6 21. Ng4 Rd6 22. Bxd6 exd6 23. Nb5 Rd8 24. Bd3 Nh4 25. Re7 Bd7 26. Rc1 Kf8 27. Re2 h5 28. Ne3 f5 29. Nxd6 f4 30. Nec4 f3 31. gxf3 Bxh3 32. Kh2 Bd7 33. Kg3 g5 34. Rce1 b5 35. Ne5 Bc8 36. Nef7 Nxf3 37. Re8+ 1-0


[Site "https://www.chess.com"]

[Event "Titled Tuesday Blitz March 08 Late 2022"]
[White "Piesik, Piotr"]
[Black "Koutlas, Nikolaos"]
[WhiteFideId "1136194"]
[BlackFideId "25827138"]
[WhiteElo "2190"]
[BlackElo "1610"]
[Result "0-1"]
[Round "05"]
[TimeControl "180+1"]
[Date "2022.03.09"]
[WhiteClock "0:00:01"]
[BlackClock "0:00:04"]

1. Nf3 Nf6 2. g3 g6 3. Bg2 Bg7 4. O-O O-O 5. d4 d6 6. Nbd2 c6 7. e4 Qa5 8. e5 dxe5 9. Nc4 Qc7 10. Nfxe5 Be6 11. Bf4 Qc8 12. Re1 Bd5 13. Qd3 Bxg2 14. Kxg2 Nd5 15. Bd2 Nd7 16. Na5 Rd8 17. Qf3 Nxe5 18. dxe5 b6 19. Nc4 b5 20. Na5 Qe6 21. Rad1 Bxe5 22. Bf4 Nxf4+ 23. gxf4 Rxd1 24. Qxd1 Qxa2 25. Nxc6 Bf6 26. b3 e6 27. Qd3 Qa6 28. Qd7 Qc8 29. Qd6 Qb7 30. Kg1 Rc8 31. Ne5 Rxc2 32. Nd7 Bg7 33. Qd3 Rc3 34. Qd6 h5 35. Rd1 Rxb3 36. Nc5 Qf3 37. Nxb3 Qxb3 38. Qd7 a5 39. Qe8+ Kh7 40. Rd7 Qb1+ 41. Kg2 Qe4+ 42. Kg1 Qb1+ 43. Kg2 Qe4+ 44. Kf1 Qxf4 45. Rxf7 Qc1+ 46. Ke2 Qb2+ 47. Kf3 Qc3+ 48. Kg2 b4 0-1


[Site "https://www.chess.com"]

[Event "Titled Tuesday Blitz March 08 Late 2022"]
[White "Pourramezanali, Amirreza"]
[Black "Corallo, Michael"]
[WhiteFideId "12511412"]
[BlackFideId "2024152"]
[WhiteElo "2376"]
[BlackElo "2150"]
[Result "0-1"]
[Round "05"]
[TimeControl "180+1"]
[Date "2022.03.09"]
[WhiteClock "0:00:03"]
[BlackClock "0:00:11"]

1. d4 Nf6 2. Bf4 e6 3. e3 b6 4. Nf3 Bb7 5. Nbd2 d6 6. Bd3 Nbd7 7. O-O g6 8. h3 Bg7 9. Bh2 O-O 10. c4 Re8 11. Qc2 Qe7 12. e4 e5 13. d5 a5 14. b3 Nh5 15. a3 Nf4 16. b4 axb4 17. axb4 Rxa1 18. Rxa1 Ra8 19. Rxa8+ Bxa8 20. Bf1 Bb7 21. Qa4 Qd8 22. c5 bxc5 23. Bb5 Nb6 24. Qa7 Qa8 25. Qxa8+ Bxa8 26. bxc5 dxc5 27. Kf1 f6 28. Ne1 Nc8 29. Bxf4 exf4 30. Nd3 Nd6 31. Ba6 f5 32. exf5 Nxf5 33. Nxc5 Bxd5 34. Bc4 Bxc4+ 35. Nxc4 Bf8 36. Ne6 f3 37. g4 Nd6 38. Ne5 Ne4 39. Nxf3 Bd6 40. Nfd4 Kf7 41. f3 Nf6 42. Nd8+ Ke7 43. N8c6+ Kd7 44. Ke2 Nd5 45. h4 Nf4+ 46. Kf2 Bc5 47. Kg3 Bxd4 48. Nxd4 Ne6 49. Ne2 c5 50. f4 Kd6 51. Nc3 c4 52. Kf3 Nc5 0-1


[Site "https://www.chess.com"]